 Dungeon Crawl Stone Soup version 0.28-a0-1510-gd0f6b136d3 (webtiles) character file.

Game seed: 767786695293247884

85 Shayle the Ducker (level 4, 0/34 HPs)
             Began as a Djinni Warper on Jan 15, 2022.
             Slain by a scorpion (5 damage)
             ... on level 3 of the Dungeon.
             The game lasted 00:03:54 (1816 turns).

Shayle the Ducker (Djinni Warper)                   Turns: 1816, Time: 00:03:55

Health: 0/34       AC: 11    Str: 10    XL:     4   Next: 75%
Gold:   115        EV: 11    Int: 17    God:
                   SH:  3    Dex: 12

rFire   + + .      SeeInvis .   k - +1 mace (protect)
rCold   x . .      Faith    .   p - +0 buckler
rNeg    . . .      Spirit   .   a - +0 leather armour
rPois   ∞          Reflect  .   (no helmet)
rElec   .          Harm     .   f - +0 cloak
rCorr   .          Rampage  .   (no gloves)
Will    .....                   (boots unavailable)
Stlth   +.........              (no amulet)
HPRegen 0.11/turn               (no ring)
MPRegen 0.00/turn               (no ring)

@: under a protective aura, flying
A: sickness immunity, fire resistance 2, cold vulnerability 1, float, innate
caster, hp casting, extra vitality 1
a: no special abilities


You were on level 3 of the Dungeon.
You visited 1 branch of the dungeon, and saw 3 of its levels.

You collected 115 gold pieces.

Inventory:

Hand Weapons
 k - a +1 mace of protection (weapon)
Missiles
 d - 4 javelins (quivered)
Armour
 a - a +0 leather armour (worn)
 f - a +0 cloak (worn)
 p - a +0 buckler (worn)
Scrolls
 b - 2 scrolls of blinking
 g - a scroll of silence {unknown}
 h - a scroll of enchant armour {unknown}
Potions
 e - a potion of magic {unknown}
 j - a potion of might
 l - a potion of flight {unknown}
 m - a potion of haste {unknown}
 n - a potion of curing {unknown}


   Skills:
 + Level 2.9 Fighting
 - Level 0.7 Throwing
 - Level 1.0 Armour
 + Level 3.0 Dodging
 + Level 0.4 Shields
 + Level 2.8 Unarmed Combat
 + Level 2.8 Spellcasting


You couldn't memorise any spells.
You knew the following spells:

 Your Spells              Type           Power      Damage    Failure   Level
a - Blink                 Tloc           24%        N/A       16%         2
b - Lesser Beckoning      Tloc           12%        N/A       30%         3
c - Gell's Gravitas       Tloc           12%        N/A       30%         3
d - Teleport Other        Tloc           12%        N/A       30%         3
e - Manifold Assault      Tloc           12%        N/A       95%         5
f - Shock                 Conj/Air       48%        1d6       10%         1
Your spell library was empty.

Dungeon Overview and Level Annotations

Branches:
Dungeon (3/15)

Altars:


Innate Abilities, Weirdness & Mutations

You are immune to sickness and miasma.
You are immune to poison.
Your flesh is very heat resistant. (rF++)
You are vulnerable to cold. (rC-)
You float through the air rather than walking.
You learn spells naturally, not from books.
Your magical power is your life essence.
You have superior vitality. (+4 MHP)


Message History

You hit the scorpion but do no damage.
Your weapon exudes an aura of protection.
The scorpion is lightly wounded.
The scorpion stings you. You block the scorpion's attack.
You closely miss the scorpion.
The scorpion is lightly wounded.
The scorpion stings you but does no damage.
The scorpion barely misses you.
You closely miss the scorpion.
The scorpion is lightly wounded.
The scorpion stings you. x2
You completely miss the scorpion.
The scorpion is lightly wounded.
The scorpion closely misses you.
You hit the scorpion but do no damage.
Your weapon exudes an aura of protection.
The scorpion is lightly wounded.
The scorpion stings you.
The scorpion stings you but does no damage.
You barely miss the scorpion.
The scorpion is lightly wounded.
The scorpion stings you! The scorpion completely misses you.
You hit the scorpion but do no damage.
The scorpion is lightly wounded.
The scorpion stings you but does no damage.
You hit the scorpion.
The scorpion is moderately wounded.
The scorpion stings you.
* * * LOW HITPOINT WARNING * * *
The scorpion stings you.
* * * LOW HITPOINT WARNING * * *
You hit the scorpion but do no damage.
The scorpion is moderately wounded.
The scorpion stings you but does no damage. x2
You hit the scorpion.
The scorpion is heavily wounded.
The scorpion stings you.
* * * LOW HITPOINT WARNING * * *
The scorpion stings you.
You die...

### ###### ....
..#.# ..... #.#.#
......##.#.# ###
...........#######
#..
.....((s@..).#...
#..
......##...#.#.#####
#.. ......
#...#.......# #..
..... #...###.###.#
#.. ...s. #.#># #.#
#.# #.. #... #.###
#.# #.####.. #...
#.# #.# #....... #.#
#.# ######.. #..
......


You could see a scorpion.

Vanquished Creatures
  A howler monkey skeleton (D:3)
  An adder (D:3)
  3 worms (D:2)
  3 dart slugs
  An orc (D:3)
  2 endoplasms (D:1)
  A giant cockroach (D:1)
  2 hobgoblins (D:1)
  12 jackals
  5 kobolds
  3 ball pythons
  A bat (D:2)
  2 frilled lizards
  6 goblins
  3 rats (D:2)
46 creatures vanquished.

Notes
Turn   | Place    | Note
-------+----------+-------------------------------------------
     0 | D:1      | Shayle the Djinni Warper began the quest for the Orb.
     0 | D:1      | Reached XP level 1. HP: 18/18 MP: 0/0
    49 | D:1      | Found a faded altar of an unknown god.
   220 | D:1      | Reached XP level 2. HP: 18/23 MP: 0/0
   583 | D:1      | Reached XP level 3. HP: 29/29 MP: 0/0
   583 | D:1      | Learned a level 1 spell: Shock
   955 | D:2      | Reached XP level 4. HP: 24/34 MP: 0/0
  1647 | D:3      | Reached skill level 3 in Dodging
  1798 | D:3      | Noticed a scorpion
  1816 | D:3      | Slain by a scorpion

Illustrated notes

Levels and vault maps discovered:
D:1:      dpeg_arrival_round_c, layout_rooms, ebering_ecumenical_altar_rust,
          serial_park_tiny_1
D:2:      layout_loops_ring
D:3:      layout_basic, mainiacjoe_overflow_alcove_1, interstate_on_off,
          due_unseen_surprise, uniq_robin

Skill      XL: |  1  2  3  4 |
---------------+-------------+-----
Dodging        | 3 |  3.0
Fighting       | |  2.9
Throwing       | |  0.7
Armour         | |  1.0
Shields        | |  0.4
Unarmed Combat | |  2.8
Spellcasting   | |  2.8

Action                   |  1- 3 |  4- 6 || total
-------------------------+-------+-------++-------
Melee: Unarmed           |    52 |       ||    52
       Punch             |     4 |       ||     4
       Mace              |    58 |    58 ||   116
Throw: Javelin           |    12 |     2 ||    14
       Boomerang         |     2 |     3 ||     5
  Use: Scroll            |     1 |     4 ||     5
Armor: Leather armour    |    52 |    19 ||    71
Dodge: Dodged            |    61 |    39 ||   100
Block: Buckler           |       |     4 ||     4

Table legend: (Time is in decaauts)
 A = Elapsed time spent in this place.
 B = Non-inter-level travel time spent in this place.
 C = Inter-level travel time spent in this place.
 D = Time resting spent in this place.
 E = Time spent auto-exploring this place.
 F = Levels seen in this place.
 G = Mean time per level.
                   A        B        C        D        E       F      G
               +--------+--------+--------+--------+--------+-----+--------+
         Total |   1868 |   1805 |     63 |      0 |   1238 |   3 |  622.7 |
       Dungeon |   1868 |   1805 |     63 |      0 |   1238 |   3 |  622.7 |
               +--------+--------+--------+--------+--------+-----+--------+

Top non-repeatable levels by time:
     D:2: 956 daAuts
     D:1: 715 daAuts
     D:3: 197 daAuts
